Map: Simulacrum LE

Players

SeanConnery

  • Race: Terran Terran
  • League: Diamond
  • Spawn Location: 11:00

ViBE - Winner!

  • Race: Terran Terran
  • League: Diamond
  • Spawn Location: 5:00

VOD

Have the link to the VOD?

Description

Time

  • Played on: Dec. 17, 2019, 11:34 p.m.
  • Length: 8:16
Show
View Real Time Build Order
Export as new Build Order

SeanConnery Terran 

Build Orders:  

Get SALT Encoding   

  12  0:01  SCV  
  13  0:13  SCV  
  14  0:17  Supply Depot  
  14  0:25  SCV  
  15  0:39  SCV, Refinery  
  16  0:45  Barracks  
  16  0:51  SCV  
  17  0:59  Refinery  
  17  1:03  SCV  
  18  1:15  SCV  
  19  1:32  Reaper  
  20  1:33  Orbital Command  
  20  1:44  Factory  
  20  1:51  Supply Depot  
  20  1:59  SCV  
  21  2:04  Reaper  
  22  2:12  SCV  
  23  2:28  Hellion  
  25  2:30  SCV, Starport  
  26  2:49  Barracks Tech Lab  
  26  2:53  Hellion  
  28  3:07  Starport Tech Lab  
  28  3:14  Command Center  
  28  3:18  SCV  
  28  3:33  Barracks Reactor, Cyclone  
  31  3:39  Supply Depot  
  31  3:43  Supply Depot  
  31  4:01  Raven, SCV  
  34  4:03  Barracks  
  34  4:04  Barracks  
  34  4:11  Marine x2  
  34  4:14  Siege Tank  
  34  4:16  SCV  
  40  4:20  Engineering Bay  
  40  4:28  Orbital Command  
  40  4:30  SCV  
  41  4:36  Marine x2  
  43  4:42  SCV  
  44  4:56  Starport Reactor  
  44  4:57  Marine  
  44  4:58  Siege Tank  
  48  5:00  Marine  
  48  5:01  Marine x2  
  48  5:03  Stimpack  
  51  5:08  SCV x2  
  51  5:12  Terran Infantry Armor Level 1  
  53  5:17  Marine  
  53  5:18  Marine  
  53  5:20  SCV  
  56  5:22  SCV  
  57  5:32  SCV, Missile Turret, Siege Tank  
  61  5:38  SCV  
  62  5:43  Starport Reactor  
  62  5:47  Supply Depot  
  62  5:58  Supply Depot  
  62  6:01  Marine x5  
  62  6:02  SCV x2  
  69  6:05  Supply Depot  
  69  6:07  Engineering Bay  
  69  6:09  Siege Tank  
  72  6:14  SCV x2  
  74  6:23  Missile Turret  
  74  6:26  SCV x2  
  74  6:27  Medivac  
  74  6:29  Medivac  
  74  6:30  Marine x2  
  74  6:31  Marine  
  83  6:33  Marine  
  83  6:35  Marine  
  83  6:38  SCV  
  86  6:48  Combat Shield  
  86  6:51  SCV x2  
  88  6:54  Refinery  
  88  6:55  Refinery  
  88  6:58  Marine  
  88  6:59  Marine x3  
  88  7:00  Marine  
  93  7:23  Marine, Command Center  
  94  7:30  Marine x4, Medivac, Supply Depot  
  94  7:31  Supply Depot  
Show
View Real Time Build Order
Export as new Build Order

ViBE Terran - Winner!

Build Orders: Reaper Expand 

Get SALT Encoding   

  12  0:01  SCV  
  13  0:13  SCV  
  14  0:18  Supply Depot  
  14  0:26  SCV  
  15  0:40  SCV  
  16  0:43  Barracks  
  16  0:47  Refinery  
  16  0:52  SCV  
  17  1:04  SCV  
  18  1:16  SCV  
  19  1:31  Reaper  
  19  1:32  Orbital Command  
  20  1:42  Command Center  
  20  1:58  SCV  
  21  2:05  Barracks Reactor  
  21  2:10  SCV, Barracks  
  21  2:12  Supply Depot  
  22  2:22  SCV  
  23  2:29  Supply Depot  
  23  2:34  SCV  
  24  2:42  Marine x2  
  26  2:46  SCV  
  26  2:47  Factory  
  26  2:50  Refinery  
  27  2:55  Orbital Command  
  27  2:57  Barracks Tech Lab  
  27  3:01  SCV  
  27  3:05  Marine x2  
  30  3:13  SCV  
  30  3:16  Bunker  
  30  3:19  Marine  
  31  3:22  Marine  
  31  3:23  Marine  
  31  3:25  SCV  
  33  3:27  Stimpack  
  33  3:33  SCV  
  32  3:37  SCV  
  33  3:46  Starport  
  33  3:47  Marine x3  
  36  3:50  SCV x2  
  36  3:53  Factory Tech Lab  
  38  4:02  SCV x2  
  40  4:14  SCV x2, Siege Tank  
  45  4:17  Marine  
  45  4:18  Marine x2  
  48  4:26  SCV x2, Medivac  
  52  4:38  SCV x2  
  52  4:40  Command Center  
  54  4:50  Supply Depot  
  54  4:51  Supply Depot  
  54  4:56  Refinery  
  54  4:57  Starport Reactor, Refinery  
  54  5:01  Engineering Bay  
  54  5:04  Engineering Bay  
  54  5:11  Supply Depot  
  54  5:12  SCV x2  
  54  5:13  Marine x3, Combat Shield  
  59  5:22  Siege Tank  
  59  5:24  SCV x2  
  63  5:36  Marine x3, SCV x2  
  63  5:40  Terran Infantry Weapons Level 1  
  63  5:42  Terran Infantry Armor Level 1  
  68  5:48  SCV x2  
  70  5:52  Orbital Command  
  70  5:57  Barracks  
  70  6:00  SCV x2  
  70  6:01  Barracks  
  70  6:04  Marine x3  
  72  6:11  Siege Tank  
  78  6:13  SCV  
  78  6:18  Armory  
  79  6:20  SCV  
  79  6:25  SCV  
  81  6:26  Orbital Command  
  81  6:30  Marine x3  
  81  6:32  Medivac x2  
  86  6:33  SCV  
  89  6:43  SCV, Supply Depot x2  
  89  6:45  SCV  
  91  6:50  Marine x2, Barracks Reactor x2  
  93  6:57  Supply Depot  
  93  7:00  Supply Depot  
  93  7:05  Marine, SCV x3, Siege Tank  
  100  7:17  SCV x3, Sensor Tower  
  100  7:22  Marine x3  
  105  7:24  Sensor Tower  
  105  7:28  Marine x4  
  105  7:29  SCV x3  
  113  7:34  Supply Depot x2  
  113  7:39  Marine  
  113  7:40  Marine x2  
  116  7:51  Marine x4  
  116  7:53  SCV x2  
  116  7:57  Marine  
  116  7:58  Marine  
Tags
 
Add a new tag
Caveats
  • Supply blocks, unpowered buildings, or Contaminate may cause inaccurate times.
  • Supply counts are checked every 10 seconds.